 Dungeon Crawl Stone Soup version 0.29.1-2-gbd0b4ee654 (webtiles) character file.

Game seed: 3512708666989546757

97 qeuew the Trooper (level 4, 0/35 HPs)
             Began as a Demonspawn Abyssal Knight on Nov 15, 2022.
             Was a Priest of Lugonu.
             Killed by divine providence
             ... invoked by an orc priest
              (13 damage)
             ... on level 4 of the Dungeon.
             The game lasted 00:03:00 (3799 turns).

qeuew the Trooper (Demonspawn Abyssal Knight)       Turns: 3799, Time: 00:03:02

Health: 0/35       AC:  3    Str: 11 (13) XL:     4   Next: 42%
Magic:  6/6        EV: 11    Int: 12      God:    Lugonu [***...]
Gold:   184        SH:  5    Dex: 15      Spells: 3/3 levels left

rFire   . . .      SeeInvis .   a - +1 hand axe
rCold   . . .      Faith    .   (no shield)
rNeg    . . .      Spirit   .   b - +0 leather armour
rPois   .          Reflect  +   (no helmet)
rElec   .          Harm     .   (no cloak)
rCorr   .          Rampage  .   (no gloves)
Will    .....                   (no boots)
Stlth   +.........              d - amulet of reflection
HPRegen 0.11/turn               (no ring)
MPRegen 0.10/turn               (no ring)

@: lethally poisoned (0 -> -9), unable to drink
A: demonic touch 1, inability to drink after injury 1
a: Renounce Religion, Depart the Abyss, Bend Space, Banish


You were on level 4 of the Dungeon.
You worshipped Lugonu.
Lugonu was most pleased with you.
You visited 1 branch of the dungeon, and saw 4 of its levels.
You visited the Abyss 1 time.

You collected 184 gold pieces.

Inventory:

Hand Weapons
 a - a +1 hand axe (weapon)
Armour
 b - a +0 leather armour (worn)
Jewellery
 d - an amulet of reflection (around neck)
Wands
 g - a wand of roots (4)
Scrolls
 f - a scroll of enchant armour
 i - a scroll of teleportation


   Skills:
 + Level 3.5 Fighting
 + Level 2.4 Axes
 + Level 2.4 Armour
 + Level 1.7 Dodging
 + Level 3.4 Invocations


You had 3 spell levels left.
You didn't know any spells.
Your spell library was empty.

Dungeon Overview and Level Annotations

Branches:
Dungeon (4/15)
 Temple: D:4-7

Altars:


Innate Abilities, Weirdness & Mutations

Your touch may inflict minor irresistible damage on your foes.
You occasionally lose the ability to drink potions when taking damage.


Message History

You closely miss something.
You feel very sick. Something hits you. The orc barely misses you.
You hit the orc.
The orc is moderately wounded.
You hit something.
You feel sick. The orc closely misses you. Something hits you.
* * * LOW HITPOINT WARNING * * *
The orc priest looks braver for a moment.
Something hits you.
* * * LOW HITPOINT WARNING * * *
The orc hits you with a +1 dagger of venom.
* * * LOW HITPOINT WARNING * * *
You are more poisoned.
You feel much better.
You feel very sick. The orc hits you but does no damage.
You are more poisoned.
The orc priest calls upon Beogh to heal the orc.
The orc's wounds heal themselves!
Something hits you but does no damage.
You slash the orc!
You kill the orc!
Lugonu accepts your kill.
You hit something.
You feel very sick. Something hits you.
You closely miss the orc priest.
You touch the orc priest.
The orc priest is heavily wounded.
You miss something.
You feel very sick.
The orc priest hits you with a +0 dagger.
Something hits you.
You hit the orc priest.
The orc priest is severely wounded.
You barely miss something.
You feel very sick.
The orc priest mumbles some strange prayers to Beogh against you.
Beogh smites you!
You feel threatened and lose the ability to drink potions!
You die...

###### #.@o.#
#.{#)# ####.# #.#
##### #o# ......
#.######.
......#+#........
..o..oo...#######
.....o....+


You could see an orc priest.

Vanquished Creatures
  3 adders
  2 worms
  3 orcs
  2 endoplasms
  A giant cockroach (D:1)
  3 goblins
  7 hobgoblins
  2 jackals (D:1)
  2 quokkas
  8 ball pythons
  8 bats
  5 frilled lizards
  9 kobolds
  4 rats
59 creatures vanquished.

Vanquished Creatures (others)
  7 plants (D:3)
7 creatures vanquished.

Grand Total: 66 creatures vanquished

Notes
Turn   | Place    | Note
-------+----------+-------------------------------------------
     0 | Abyss:1  | qeuew the Demonspawn Abyssal Knight began the quest for the
                  | Orb.
     0 | Abyss:1  | Reached XP level 1. HP: 18/18 MP: 2/2
     1 | D:1      | Escaped the Abyss
    71 | D:1      | Reached skill level 1 in Dodging
   348 | D:1      | Gained mutation: Your touch may inflict minor irresistible
                  | damage on your foes. [demonic ancestry]
   348 | D:1      | Reached XP level 2. HP: 24/24 MP: 4/4
   921 | D:1      | Gained mutation: You occasionally lose the ability to drink
                  | potions when taking damage. [potion of mutation]
   972 | D:2      | Reached XP level 3. HP: 17/29 MP: 5/5
  1203 | D:2      | You fall into a shaft and drop 2 floors!
  1398 | D:3      | Reached *** piety under Lugonu
  1597 | D:3      | Identified the +4 dagger of Zeuhoj {holy, rPois MP+9 Int+3
                  | Dex-4}
  2391 | D:3      | Reached XP level 4. HP: 26/35 MP: 6/6
  3799 | D:4      | Killed from afar by an orc priest

Illustrated notes

Levels and vault maps discovered:
D:1:      sevenhm_arrival_forest_fort_small_5, layout_basic
D:2:      layout_basic, st_stairs_4
D:3:      layout_basic, nicolae_elyvilon_peaceful_grove, lexackson_kobold_supper
D:4:      minmay_clustersquares, layout_basic, lightli_temple_of_fire,
          uniq_blork_the_orc, uniq_duvessa

Skill      XL: |  1  2 |
---------------+-------+-----
Dodging        | 1 |  1.7
Axes           | 2 |  2.4
Armour         | 2 |  2.4
Invocations    | 3 |  3.4
Fighting       | |  3.5

Action                   |  1- 3 |  4- 6 || total
-------------------------+-------+-------++-------
Melee: Hand axe          |   109 |    37 ||   146
       Touch             |    13 |     5 ||    18
  Use: Potion            |     5 |     1 ||     6
       Scroll            |     2 |     4 ||     6
 Stab: Sleeping          |     1 |       ||     1
Armor: Leather armour    |    33 |     4 ||    37
Dodge: Dodged            |    64 |     9 ||    73
Block: Other             |     6 |     3 ||     9
